 Dungeon Crawl Stone Soup version 0.16-b1 (webtiles) character file.

87963 abixa the Slayer (level 15, -33/187 HPs)
             Began as an Ogre Berserker on Mar 7, 2015.
             Was the Champion of Trog.
             Killed from afar by a storm dragon (40 damage)
             ... with a bolt of lightning
             ... on level 13 of the Dungeon.
             The game lasted 03:01:44 (34427 turns).

abixa the Slayer (Ogre Berserker)                  Turns: 34427, Time: 03:01:44

Health: -33/187    AC:  8    Str: 26    XL:     15   Next: 92%
Magic:  5/5        EV: 21    Int:  6    God:    Trog [******]
Gold:   633        SH:  0    Dex: 20    Spells: 0 memorised, 14 levels left

rFire  + . .     SeeInvis .     J - +8 giant spiked club (antimagic)
rCold  + . .     Clarity  +     K - +2 robe {rC+}
rNeg   . . .     SustAb   .     (shield restricted)
rPois  .         Gourm    .     o - +0 hat {MR+}
rElec  .         Spirit   .     (no cloak)
rCorr  .         Warding  .     (gloves unavailable)
rMut   .         Stasis   .     (boots unavailable)
MR     ++...                    V - amulet of clarity
Stlth  ++........               i - +3 ring of protection
                                A - +6 ring of dexterity

@: very slightly contaminated, very resistant to hostile enchantments,
unstealthy
A: unfitting armour, fire resistance 1, tough skin 1
a: Burn Spellbooks, Berserk, Trog's Hand, Brothers in Arms, Renounce Religion


You were on level 13 of the Dungeon.
You worshipped Trog.
Trog was exalted by your worship.
You were near starving.

You visited 4 branches of the dungeon, and saw 26 of its levels.
You also visited: Labyrinth, Ice Cave and Volcano.

You collected 2751 gold pieces.
You spent 2118 gold pieces at shops.

Inventory:

Hand weapons
 b - a +0 blowgun
 J - a +8 antimagic giant spiked club (weapon)
 R - the +5 giant club "Teydoy" {freeze, Noisy rPois rF+ Dex+2}
   (Trog gifted it to you on level 12 of the Dungeon)

   It has been specially enchanted to freeze those struck by it, causing extra
   injury to most foes and up to half again as much damage against particularly
   susceptible opponents.
   It can also slow down cold-blooded creatures.
   It affects your dexterity (+2).
   It protects you from fire.
   It protects you from poison.
   It may make noises in combat.
Missiles
 e - 727 stones
 r - 7 javelins of returning
 t - 59 poisoned needles
 w - 27 tomahawks
 y - 3 throwing nets
 z - 4 javelins
 F - 5 tomahawks of returning
 I - 4 javelins of penetration
 O - 17 large rocks (quivered)
 U - 4 needles of slowing
Armour
 m - a +2 robe of positive energy
 o - a +0 hat of magic resistance (worn)
 K - a +2 robe of cold resistance (worn)
 P - a +0 animal skin of fire resistance
Rods
 H - a +0 rod of shadows (9/9)
   (You found it in a labyrinth)
Jewellery
 g - an uncursed ring of poison resistance
 i - a +3 ring of protection (right hand)
 q - an uncursed ring of protection from magic
 v - an uncursed ring of flight
 A - a +6 ring of dexterity (left hand)
 G - an uncursed ring of fire
 L - an uncursed amulet of stasis
 V - an amulet of clarity (around neck)
 X - an uncursed ring of protection from cold
Magical devices
 d - a wand of fire (6)
 s - a wand of cold (7)
 u - a wand of cold (8)
 x - a wand of paralysis (12)
 C - a wand of teleportation (0)
 T - a wand of disintegration (13)
 Y - a wand of draining (4)
Scrolls
 c - a scroll of summoning
 h - 4 scrolls of remove curse
 j - 11 scrolls of teleportation
 n - 7 scrolls of fog
 S - 4 scrolls of magic mapping
 W - 2 scrolls of fear
Potions
 f - 5 potions of agility
 l - 3 potions of heal wounds
 B - 10 potions of curing
 D - 4 potions of ambrosia
Books
 p - the Collected Works on Confrontation and Flight
   (You found it in a labyrinth)

   Spells                             Type                      Level
   a - Sting                          Conjuration/Poison           1
   b - Swiftness                      Charms/Air                   2
   c - Lightning Bolt                 Conjuration/Air              5
   d - Poisonous Cloud                Conjuration/Poison/Air       6
   e - Conjure Ball Lightning         Conjuration/Air              6
   Trog disapproves of the use of such an item.
Miscellaneous
 a - a fan of gales
 M - a box of beasts
Comestibles
 N - 14 meat rations
 Q - 22 fruits


   Skills:
 - Level 21.4 Fighting
 + Level 18.2 Maces & Flails
 * Level 12.2 Throwing
 - Level 1.5 Armour
 + Level 13.1 Dodging


You had 14 spell levels left.
You didn't know any spells.

Dungeon Overview and Level Annotations

Branches:
Dungeon (13/15)            Temple (1/1) D:5            Lair (8/8) D:11
  Swamp (0/5) Lair:4       Spider (0/5) Lair:5        Slime (0/6) Lair:7
    Orc (4/4) D:10            Elf (0/3) Orc:3
 Vaults: D:13-14

Altars:
Ashenzari
Cheibriados
Dithmenos
Elyvilon
Fedhas
Gozag
Kikubaaqudgha
Makhleb
Nemelex Xobeh
Okawaru
Qazlal
Ru
Sif Muna
Trog
Vehumet
Xom
Yredelemnul
Zin
The Shining One
Jiyva

Shops:
D:8 ?   D:10 (   Orc:4 [=(:

Annotations:
D:10 1 runed door, SINV
D:11 stasis, 1 exclusion
Lair:5 fly for stuff, exclusion: ice statue


Innate Abilities, Weirdness & Mutations

You are too large for most types of armour.
You have tough skin (AC +1).
Your flesh is heat resistant.


Message History

Press: ? - help, Dir - move target cursor, p - storm dragon You are very lightly contaminated with residual magic.
As you read the scroll of blinking, it crumbles to dust.
Read which item? (? for menu, Esc to quit)
Okay, then.
Evoke which item? (* to show all) (? for menu, Esc to quit)
Zapping:
x - a wand of paralysis (will waste charges)
Press: ? - help, Shift-Dir - straight line, f - storm dragon
Aim: a storm dragon (severely wounded, chance 1%)
Okay, then.
Unknown command.
Unknown command.
Unknown command.
Drink which item? (? for menu, Esc to quit)
You feel much better.
The storm dragon breathes lightning at you.
The bolt of lightning hits you!
* * * LOW HITPOINT WARNING * * *
The bolt of lightning hits you!
You die...

##...###...............####....####
#...# #.........#.....# #....#
#...# #.........#..##D# #.##.####
##### #............##.# #........
#.##)###+###....# #####.#..
########.##.# #....# #....
............# #..<.# #....
#..#..#.....# #####.##.# #....
...#..#..#..# #..@.....##### #....
##....#.....# #..#.####..>.####.#..
####.......# #..#.# #............
#.)..##.# #....# #......#.####
#####.#.....# #.(..# #........#
............# #.##.# ##########
.###.###....# #D##.# #.
#....###....##### ..
#####............


You could see a storm dragon.

Vanquished Creatures
  A frost giant (D:13)
  2 orc warlords (Orc:3)
  A stone giant (Orc:3)
  A minotaur (Lab)
  Fannar (Orc:3)
  2 catoblepae
  Erica (Lair:1)
  7 hydras
  A deep troll shaman (Lair:8)
  An ogre mage (D:13)
  12 death yaks
  Urug (Orc:2)
  4 orc high priests (Orc:4)
  A salamander mystic (Volcano)
  An unseen horror (D:12)
  A necromancer (IceCv)
  An ice statue (IceCv)
  Pikel (D:7)
  7 hill giants
  An orc knight (Orc:3)
  2 cyclopes
  3 ugly things
  2 griffons (Lair:8)
  3 salamanders (Volcano)
  4 orc sorcerers
  12 elephants
  6 black mambas
  A torpor snail (Lair:7)
  13 spiny frogs
  2 gargoyles (D:13)
  10 freezing wraiths (IceCv)
  7 trolls
  5 komodo dragons
  2 polar bears
  A two-headed ogre (D:13)
  Prince Ribbit (Lair:1)
  14 blink frogs
  A basilisk (Lair:4)
  3 slime creatures (D:12)
  2 boulder beetles
  A deep elf mage (D:13)
  62 yaks
  6 fire bats
  5 orc zombies (Orc:4)
  A shadow (D:13)
  Eustachio (Orc:2)
  Grum (Orc:2)
  3 wargs
  11 hippogriffs
  14 wolves
  2 death yak simulacra (IceCv)
  10 water moccasins
  17 ice beasts
  4 black bears
  4 centaurs
  24 orc warriors
  9 ogres
  3 slaves (D:7)
  12 porcupines
  A sky beast (D:10)
  An eye of draining (D:10)
  A boring beetle (Lair:8)
  3 phantoms
  Sigmund (D:3)
  Duvessa (D:7)
  9 crocodiles
  A big kobold (D:5)
  Blork the orc (Orc:1)
  18 giant frogs
  2 gnoll sergeants
  A scorpion (D:7)
  A swamp dragon simulacrum (IceCv)
  11 killer bees
  4 wights
  A troll skeleton (D:10)
  A spriggan skeleton (D:10)
  3 crimson imps
  A jelly (D:9)
  Dowan (D:7)
  4 centaur zombies
  8 hounds
  2 giant frog zombies
  5 lava snakes (Volcano)
  A quasit (D:5)
  2 centaur skeletons (D:10)
  33 orc priests
  4 draconian simulacra (IceCv)
  30 orc wizards
  14 worker ants
  6 iguanas
  A polar bear simulacrum (IceCv)
  2 spriggan simulacra (IceCv)
  5 troll simulacra (IceCv)
  An ogre zombie (Orc:4)
  Ijyb (D:2)
  2 centaur simulacra
  44 sheep
  A worker ant zombie (D:9)
  Terence (D:2)
  A hound skeleton (D:9)
  16 gnolls
  3 naga simulacra (IceCv)
  31 river rats
  30 adders
  5 ogre simulacra (IceCv)
  3 shadow imps
  A giant mite (D:2)
  25 white imps
  An adder skeleton (D:5)
  2 adder zombies
  3 giant geckos
  An ooze (D:4)
  149 orcs
  2 ball pythons
  3 bat skeletons
  3 bat zombies
  7 giant cockroaches
  46 hobgoblins
  7 jackals
  14 kobolds
  14 quokkas
  19 bats
  A giant gecko zombie (D:8)
  4 giant newts
  48 goblins
  A quokka skeleton (D:9)
  23 rats
  14 ballistomycetes (D:10)
  2 butterflies (D:5)
  2 fungi (Lair:8)
  2 plants (Lair:7)
1045 creatures vanquished.

Vanquished Creatures (collateral kills)
  2 gnolls (D:5)
  A hobgoblin (D:5)
  A kobold (D:5)
4 creatures vanquished.

Vanquished Creatures (others)
  A slave (D:7)
  An ogre (D:5)
  A giant spore (D:10)
  9 fungi
  A plant (D:11)
13 creatures vanquished.

Grand Total: 1062 creatures vanquished

Notes
Turn   | Place    | Note
--------------------------------------------------------------
     0 | D:1      | abixa, the Ogre Berserker, began the quest for the Orb.
     0 | D:1      | Reached XP level 1. HP: 24/24 MP: 1/1
   154 | D:1      | Reached skill level 1 in Throwing
   154 | D:1      | Reached XP level 2. HP: 30/32 MP: 2/2
   846 | D:2      | Noticed Ijyb
   862 | D:2      | Killed Ijyb
   862 | D:2      | Reached XP level 3. HP: 35/39 MP: 3/3
  1197 | D:2      | Noticed Sigmund
  1376 | D:2      | Acquired Trog's second power
  1376 | D:2      | Reached XP level 4. HP: 48/48 MP: 4/4
  1860 | D:2      | Noticed Terence
  1880 | D:2      | Killed Terence
  1880 | D:2      | Reached skill level 5 in Maces & Flails
  2072 | D:3      | Reached XP level 5. HP: 54/54 MP: 5/5
  2167 | D:3      | Killed Sigmund
  2710 | D:3      | Noticed a hippogriff
  2811 | D:3      | Killed a hippogriff
  2811 | D:3      | Reached skill level 6 in Maces & Flails
  2811 | D:3      | Reached skill level 5 in Throwing
  2811 | D:3      | Reached XP level 6. HP: 55/62 MP: 6/6
  4007 | D:5      | Entered Level 5 of the Dungeon
  4018 | D:5      | Found a sparkling altar of Nemelex Xobeh.
  4029 | D:5      | Reached XP level 7. HP: 67/70 MP: 7/7
  4207 | D:5      | Found a staircase to the Ecumenical Temple.
  4241 | Temple   | Entered the Ecumenical Temple
  4364 | D:5      | Reached skill level 7 in Maces & Flails
  4877 | D:5      | Found a stormy altar of Qazlal.
  5114 | D:5      | Reached skill level 8 in Maces & Flails
  5114 | D:5      | Reached XP level 8. HP: 73/78 MP: 8/8
  5193 | D:5      | Acquired Trog's third power
  5193 | D:5      | Received a gift from Trog
  5331 | D:5      | Received a gift from Trog
  5687 | D:5      | Received a gift from Trog
  6020 | D:5      | Received a gift from Trog
  6479 | D:6      | Reached skill level 9 in Maces & Flails
  6710 | D:6      | Reached skill level 10 in Maces & Flails
  6755 | D:6      | Found a white marble altar of Elyvilon.
  6799 | D:6      | Received a gift from Trog
  6904 | D:6      | Found a blossoming altar of Fedhas.
  6929 | D:6      | Found a shattered altar of Ashenzari.
  7074 | D:6      | Reached skill level 11 in Maces & Flails
  7230 | D:6      | Found a stormy altar of Qazlal.
  7258 | D:6      | Found a deep blue altar of Sif Muna.
  7317 | D:6      | Reached XP level 9. HP: 66/84 MP: 9/9
  7842 | D:7      | Noticed Pikel
  7992 | D:7      | Killed Pikel
  7992 | D:7      | Reached skill level 12 in Maces & Flails
  8077 | D:7      | Reached skill level 13 in Maces & Flails
  8088 | D:7      | Noticed Dowan
  8092 | D:7      | Killed Dowan
  8116 | D:7      | Noticed Duvessa
  8128 | D:7      | Killed Duvessa
  9072 | D:8      | Reached skill level 14 in Maces & Flails
  9111 | D:7      | HP: 2/85 [orc warrior/scimitar (18)]
  9589 | D:8      | Received a gift from Trog
  9657 | D:8      | Reached XP level 10. HP: 87/94 MP: 10/10
  9697 | D:8      | Found a radiant altar of Vehumet.
  9729 | D:7      | Identified a scroll of acquirement
  9786 | D:8      | Reached skill level 5 in Fighting
  9945 | D:8      | Found Twail's Magic Scroll Shoppe.
  9952 | D:8      | Bought a scroll of brand weapon for 220 gold pieces
  9952 | D:8      | Bought a scroll of identify for 22 gold pieces
 10348 | D:9      | Got a distressingly furry shield
 10366 | D:9      | Identified the cursed -5 shield of Psacaclunt {Str-5 Dex+5} (You found it on level 9 of the Dungeon)
 10695 | D:9      | Reached skill level 15 in Maces & Flails
 10740 | D:9      | Received a gift from Trog
 11509 | D:9      | Reached skill level 16 in Maces & Flails
 11821 | D:10     | Entered Level 10 of the Dungeon
 12148 | D:10     | Found Vohoh's Antique Weapon Shop.
 12344 | D:10     | Found a staircase to the Orcish Mines.
 12420 | D:10     | Noticed a brown ugly thing
 12426 | D:10     | Killed a brown ugly thing
 12478 | D:10     | Noticed a hill giant
 12484 | D:10     | Killed a hill giant
 12484 | D:10     | Reached XP level 11. HP: 97/107 MP: 11/11
 12867 | D:10     | Found a runed door.
 12948 | D:11     | Noticed a hill giant
 12955 | D:11     | Killed a hill giant
 12955 | D:11     | Reached skill level 5 in Dodging
 13126 | D:11     | Found an ancient bone altar of Kikubaaqudgha.
 13137 | D:11     | Found a frozen archway.
 13190 | IceCv    | Entered an ice cave
 14069 | IceCv    | Noticed an ice statue
 14073 | IceCv    | Killed an ice statue
 14123 | IceCv    | Noticed a necromancer
 14129 | IceCv    | Killed a necromancer
 14216 | IceCv    | Reached skill level 10 in Fighting
 14272 | IceCv    | Received a gift from Trog
 14385 | IceCv    | Found an ancient bone altar of Kikubaaqudgha.
 14572 | D:11     | Found a staircase to the Lair.
 14849 | D:10     | Received a gift from Trog
 15064 | D:11     | Got a brightly glowing whip
 15101 | D:11     | Identified the cursed -2 whip of the Genius {speed, rElec rPois Dex+2} (You found it on level 11 of the Dungeon)
 15315 | D:11     | Reached XP level 12. HP: 111/128 MP: 12/12
 15459 | Lair:1   | Entered Level 1 of the Lair of Beasts
 15573 | Lair:2   | Found a dark tunnel.
 15590 | Volcano  | Entered a volcano
 16178 | Volcano  | Found a bloodstained altar of Trog.
 16407 | Lair:2   | Noticed a seven-headed hydra
 16411 | Lair:2   | Killed a seven-headed hydra
 16450 | Lair:2   | Received a gift from Trog
 16451 | Lair:2   | Got a transparent giant club {god gift}
 16452 | Lair:2   | Identified the +3 giant club "Blyis" {crush, -Cast +Rage rPois rF+ Stlth+} (Trog gifted it to you on level 2 of the Lair of Beasts)
 16556 | Lair:1   | Noticed Prince Ribbit
 17059 | Lair:1   | Killed Prince Ribbit
 17388 | Lair:1   | Noticed Erica
 17393 | Lair:1   | Killed Erica
 17803 | Lair:2   | Reached skill level 10 in Dodging
 18724 | Orc:1    | Entered Level 1 of the Orcish Mines
 18971 | Orc:2    | Received a gift from Trog
 19069 | Orc:2    | Noticed Urug
 19082 | Orc:1    | Noticed Grum
 19082 | Orc:1    | Noticed Eustachio
 19089 | Orc:2    | Killed Urug
 19089 | Orc:2    | Reached XP level 13. HP: 105/145 MP: 13/13
 19581 | Orc:2    | Killed Grum
 19705 | Orc:2    | Killed Eustachio
 19705 | Orc:2    | Received a gift from Trog
 20044 | Orc:3    | Found a burning altar of Makhleb.
 20046 | Orc:3    | Noticed Fannar
 20046 | Orc:3    | Noticed an orc warlord
 20154 | Orc:3    | Noticed a stone giant
 20171 | Orc:3    | Killed an orc warlord
 20341 | Orc:3    | Killed a stone giant
 20504 | Orc:3    | Found a staircase to the Elven Halls.
 20505 | Orc:3    | Killed Fannar
 21015 | Orc:2    | Received a gift from Trog
 21048 | Orc:1    | Noticed Blork the orc
 21055 | Orc:1    | Killed Blork the orc
 21252 | Orc:4    | Entered Level 4 of the Orcish Mines
 21539 | Orc:4    | Received a gift from Trog
 21541 | Orc:4    | Reached skill level 15 in Fighting
 22464 | Orc:4    | Found Vuoheesoe's Book Shoppe.
 22464 | Orc:4    | Found Braddu's Jewellery Emporium.
 22465 | Orc:4    | Found Waasue's Armour Emporium.
 22468 | Orc:4    | Found Xoisileh's Weapon Shoppe.
 22495 | Orc:4    | Received a gift from Trog
 23029 | Orc:4    | Noticed an orc warlord
 23128 | Orc:3    | Killed an orc warlord
 24120 | Orc:3    | Received a gift from Trog
 24272 | Orc:4    | Bought a manual of Fighting for 1876 gold pieces
 24659 | Lair:3   | Received a gift from Trog
 24879 | Lair:3   | Reached XP level 14. HP: 146/163 MP: 4/14
 25689 | Lair:4   | Found a staircase to the Swamp.
 25751 | Lair:4   | Reached skill level 17 in Fighting
 26356 | Lair:4   | Reached skill level 18 in Fighting
 26370 | Lair:4   | Received a gift from Trog
 26893 | Lair:5   | Received a gift from Trog
 27112 | Lair:5   | Reached skill level 19 in Fighting
 27603 | Lair:5   | Reached skill level 20 in Fighting
 28072 | Lair:5   | Found a hole to the Spider Nest.
 28578 | Lair:6   | Received a gift from Trog
 28877 | Lair:5   | Reached skill level 21 in Fighting
 30039 | Lair:7   | Received a gift from Trog
 30217 | Lair:7   | Found a viscous altar of Jiyva.
 30217 | Lair:7   | Found a staircase to the Slime Pits.
 30633 | Lair:7   | Reached XP level 15. HP: 166/187 MP: 5/15
 31011 | Lair:8   | Entered Level 8 of the Lair of Beasts
 31234 | Lair:8   | Reached skill level 10 in Throwing
 32508 | D:12     | Received a gift from Trog
 32509 | D:12     | Got a slimy giant club {god gift}
 32533 | D:12     | Found a labyrinth entrance.
 32562 | Lab      | Entered a labyrinth
 33161 | Lab      | Identified the Collected Works on Confrontation and Flight
 33162 | Lab      | Got a faintly glowing robe
 33170 | D:12     | Identified the +5 giant club "Teydoy" {freeze, Noisy rPois rF+ Dex+2} (Trog gifted it to you on level 12 of the Dungeon)
 33175 | D:12     | Identified a +0 rod of shadows (9/9) (You found it in a labyrinth)
 33613 | D:12     | Gained mutation: Your flesh is heat resistant. [potion of beneficial mutation]
 33997 | D:13     | Received a gift from Trog
 34048 | D:13     | Noticed a frost giant
 34048 | D:13     | Noticed a storm dragon
 34398 | D:13     | Killed a frost giant
 34423 | D:13     | HP: 8/187 [storm dragon/bolt of lightning (29)]
 34427 | D:13     | Killed from afar by a storm dragon

Action                   |  1- 3 |  4- 6 |  7- 9 | 10-12 | 13-15 || total
-------------------------+-------+-------+-------+-------+-------++-------
Melee: Mace              |    68 |   152 |   181 |       |       ||   401
       Giant spiked club |       |       |   123 |   382 |   773 ||  1278
       Demon whip        |       |       |     8 |    51 |       ||    59
       Whip              |       |       |       |    12 |       ||    12
       Giant club        |       |       |       |   182 |   295 ||   477
 Fire: Blowgun           |       |       |    64 |    18 |       ||    82
Throw: Stone             |    37 |    82 |   273 |   148 |    63 ||   603
       Tomahawk          |       |       |     4 |    71 |   201 ||   276
       Javelin           |       |       |     6 |    55 |    35 ||    96
       Large rock        |       |       |       |    15 |    30 ||    45
Invok: Berserk           |     1 |     2 |     3 |     2 |     5 ||    13
       Trog's Hand       |       |     1 |       |       |       ||     1
       Brothers in Arms  |       |       |     1 |       |       ||     1
       Burn Spellbooks   |       |       |       |     1 |     2 ||     3
Evoke: Wand              |       |     3 |     8 |     3 |     4 ||    18
  Use: Scroll            |       |       |       |    23 |     7 ||    30
       Potion            |       |       |       |       |     2 ||     2
 Stab: Distracted        |       |       |     1 |     1 |     1 ||     3
       Sleeping          |       |       |       |     5 |     3 ||     8
       Petrifying        |       |       |       |       |     1 ||     1
  Eat: Chunk             |     2 |    10 |    20 |    26 |    51 ||   109
       Royal jelly       |       |       |     1 |       |       ||     1
       Beef jerky        |       |       |       |     2 |       ||     2
       Fruit             |       |       |       |     1 |     2 ||     3
       Pizza             |       |       |       |       |     1 ||     1
